 Dungeon Crawl Stone Soup version 0.17.1-1-g73c8601 (console) character file.

36 Kloppie the Skirmisher (level 3, 0/33 HPs)
             Began as a Draconian Fighter on Dec 17, 2015.
             Slain by an adder (3 damage)
             ... on level 2 of the Dungeon.
             The game lasted 00:01:26 (1182 turns).

Kloppie the Skirmisher (Draconian Fighter)          Turns: 1182, Time: 00:01:26

Health: 0/33       AC:  5    Str: 19    XL:     3   Next: 19%
Magic:  3/3        EV: 10    Int:  8    God:
Gold:   69         SH:  9    Dex: 10    Spells: 0 memorised, 2 levels left

rFire  . . .     SeeInvis .     a - +0 flail
rCold  . . .     Clarity  .     (armour unavailable)
rNeg   . . .     SustAt   .     b - +0 shield
rPois  .         Gourm    .     (helmet restricted)
rElec  .         Spirit   .     (no cloak)
rCorr  .         Warding  .     (no gloves)
rMut   .         Stasis   .     (no boots)
MR     .....                    (no amulet)
Stlth  +.........               (no ring)
                                (no ring)

@: lethally poisoned (0 -> -5), not resistant to hostile enchantments, very
unstealthy
A: unfitting armour, cold-blooded, AC +5
a: no special abilities


You were on level 2 of the Dungeon.
You were not hungry.

You visited 1 branch of the dungeon, and saw 2 of its levels.

You collected 69 gold pieces.

Inventory:

Hand Weapons
 a - a +0 flail (weapon)
Armour
 b - a +0 shield (worn)
Jewellery
 k - a cursed amulet of inaccuracy {unknown}
 n - an uncursed amulet of warding {unknown}
 p - a cursed ring of teleportation {unknown}
Scrolls
 e - 2 scrolls of fear {unknown}
 f - a scroll of recharging {unknown}
 i - a scroll of blinking {unknown}
 o - a scroll of enchant armour {unknown}
 q - a scroll of noise {unknown}
 r - a scroll of amnesia {unknown}
Potions
 c - a potion of might
 g - 2 potions of cancellation {unknown}
 j - 2 potions of flight {unknown}
 l - 3 potions of curing {unknown}
 m - a potion of lignification {unknown}
Comestibles
 d - 2 bread rations
 h - a meat ration


   Skills:
 + Level 4.0 Fighting
 + Level 3.1 Maces & Flails
 - Level 2.6 Dodging
 - Level 3.0 Shields


You had 2 spell levels left.
You didn't know any spells.

Dungeon Overview and Level Annotations

Branches:
Dungeon (2/15)

Altars:
Nemelex Xobeh
Okawaru


Innate Abilities, Weirdness & Mutations

Your plain brown scales are hard (AC +5).
Your body does not fit into most forms of armour.
You are cold-blooded and may be slowed by cold attacks.


Message History

You feel sick. The adder closely misses you.
You miss the adder.
The adder is heavily wounded.
You feel sick. The adder bites you but does no damage. The adder bites you.
* * * LOW HITPOINT WARNING * * *
You hit the adder.
The adder is almost dead.
* * * LOW HITPOINT WARNING * * *
You feel sick. You block the adder's attack.
The adder bites you but does no damage.
You closely miss the adder. You tail-slap the adder.
The adder is almost dead.
* * * LOW HITPOINT WARNING * * *
You feel sick. The adder bites you but does no damage. The adder bites you.
* * * LOW HITPOINT WARNING * * *
You miss the adder.
The adder is almost dead.
* * * LOW HITPOINT WARNING * * *
You feel sick. The adder bites you.
You die...

###...###.#
#.......#.###(#
#.............#
##.......#.###.# #
†........(.# #.# .#
####...##..# #.# #.##
###........# #.# #...##
......###..###.##S....##
###..## #...<...@......#
.............##......#
#####............#.#
#.####.####.## #.. ....
## #.. #.##. #.# #.# #
#. #.#


You could see an adder.

Vanquished Creatures
  An adder (D:2)
  An ooze (D:1)
  3 bats
  3 giant cockroaches
  2 goblins (D:1)
  4 hobgoblins (D:2)
  2 giant newts
  4 kobolds
  3 rats (D:1)
23 creatures vanquished.

Notes
Turn   | Place    | Note
--------------------------------------------------------------
     0 | D:1      | Kloppie the Draconian Fighter began the quest for the Orb.
     0 | D:1      | Reached XP level 1. HP: 19/19 MP: 1/1
   186 | D:1      | Reached XP level 2. HP: 26/26 MP: 2/2
   712 | D:2      | Found a sparkling altar of Nemelex Xobeh.
   839 | D:2      | Found an iron altar of Okawaru.
   847 | D:2      | Found a faded altar to an unknown god.
   895 | D:2      | Reached skill level 4 in Fighting
   895 | D:2      | Reached XP level 3. HP: 8/33 MP: 3/3
  1182 | D:2      | Slain by an adder

Action                   || total
-------------------------++-------
Melee: Flail             ||    88
 Stab: Sleeping          ||     1
  Eat: Chunk             ||     1
